 Dungeon Crawl Stone Soup version 0.27-a0-550-ge92ec0ca06 (webtiles) character file.

Game seed: 15868782519456136891

59 Tsundere the Chopper (level 4, -3/40 HPs)
             Began as a Hill Orc Berserker on Mar 8, 2021.
             Was a Believer of Trog.
             Killed from afar by Natasha (8 damage)
             ... with a magic dart
             ... on level 4 of the Dungeon.
             The game lasted 00:19:52 (1548 turns).

Tsundere the Chopper (Hill Orc Berserker)           Turns: 1548, Time: 00:19:52

Health: -3/40      AC:  6    Str: 20    XL:     4   Next: 3%
Magic:  4/4        EV: 11    Int:  7    God:    Trog [**....]
Gold:   79         SH:  0    Dex: 10    Spells: 3/3 levels left

rFire    . . .     SeeInvis .   m - +1 mace (vorpal)
rCold    . . .     Faith    .   (no shield)
rNeg     . . .     Spirit   .   l - +0 ring mail
rPois    .         Reflect  .   (no helmet)
rElec    .         Harm     .   h - +0 cloak
rCorr    .         Rampage  .   (no gloves)
Will     .....                  (no boots)
Stlth    ..........             (no amulet)
HPRegen  0.13/turn              (no ring)
MPRegen  0.09/turn              (no ring)

@: berserk cooldown, slowed, very slow
A: no striking features
a: Renounce Religion, Berserk, Trog's Hand


You were on level 4 of the Dungeon.
You worshipped Trog.
Trog was pleased with you.
You visited 1 branch of the dungeon, and saw 4 of its levels.

You collected 79 gold pieces.

Inventory:

Hand Weapons
 a - a +1 hand axe
 m - a +1 vorpal mace (weapon)
Armour
 b - a +0 animal skin
 h - a +0 cloak (worn)
 l - a +0 ring mail (worn)
Wands
 g - a wand of paralysis (4)
Scrolls
 j - 2 scrolls of fear
 n - a scroll of identify {unknown}
 o - a scroll of enchant armour {unknown}
Potions
 c - a potion of magic {unknown}
 d - a potion of heal wounds {unknown}
 e - a potion of haste {unknown}
 f - a potion of flight {unknown}
 i - a potion of cancellation {unknown}
 k - a potion of curing {unknown}


   Skills:
 + Level 4.3 Fighting
 + Level 5.0 Axes
 + Level 0.1(2.4) Maces & Flails
 + Level 2.5 Armour
 + Level 2.1 Dodging
 + Level 0.1 Stealth


You had 3 spell levels left.
You didn't know any spells.
Your spell library was empty.

Dungeon Overview and Level Annotations

Branches:
Dungeon (4/15)
 Temple: D:4-7

Altars:

Annotations:
D:4 Natasha


Message History

Your movement speed is very quick.
Your attack speed is quite fast.
You feel a strong urge to attack something.
You feel your anger nearly subside.
You are no longer berserk.
You are exhausted.
You feel yourself slow down.
You now have 79 gold pieces (gained 13).
You feel the effects of Trog's Hand fading.
Your skin stops crawling.
You feel less strong-willed.
Natasha, Servant of Life and Death comes into view.
Natasha hisses angrily.
Natasha drinks a potion.
Natasha flickers and vanishes!
Deactivating autopickup; reactivate with Ctrl-A.
You barely miss something. Something claws you but does no damage.
Something claws you.
You barely miss something. Something claws you but does no damage.
Something claws you.
A howler monkey comes into view.
The howler monkey hoots and howls with incredible vigour!
Something claws you.
You hear a shout! x8
Something claws you.
You sock the howler monkey!
The howler monkey is severely wounded.
The howler monkey hits you but does no damage.
The howler monkey hits you. Something claws you but does no damage.
The howler monkey hits you but does no damage.
Something claws you.
* * * LOW HITPOINT WARNING * * *
Unknown command.
You hit the howler monkey.
The howler monkey is severely wounded.
The howler monkey hoots and howls with incredible vigour!
You hear some strange, mumbled words.
Something tries to affect you, but you resist.
The howler monkey hits you.
* * * LOW HITPOINT WARNING * * *
You hear some strange, mumbled words.
A magic dart appears from out of thin air!
The magic dart hits you!
You die...

##.>...... #####.#.#.###.
###.########.......#.####
......................# #
###.###.##.#.###.....#
#.##.#.#...##.# .# .##
#.##.........# #.
.....###{##..###..##.#
#.# #....h@...# #..# .#.#
#.###.###.###..# .# #.#
#......# #...
#.####..##.####.##
#.....>.........#
######..#######.# #..#
#.# #..#######.#
#..........###


You could see a howler monkey (catching breath).

Vanquished Creatures
  Natasha (D:4)
  2 dart slugs
  A leopard gecko (D:3)
  4 bats
  3 giant cockroaches
  2 goblins
  A hobgoblin (D:1)
  2 jackals (D:1)
  7 kobolds
  A ball python (D:4)
  2 rats
26 creatures vanquished.

Notes
Turn   | Place    | Note
-------+----------+-------------------------------------------
     0 | D:1      | Tsundere the Hill Orc Berserker began the quest for the
                  | Orb.
     0 | D:1      | Reached XP level 1. HP: 19/19 MP: 1/1
   261 | D:1      | Reached XP level 2. HP: 27/27 MP: 2/2
   958 | D:3      | Reached XP level 3. HP: 33/33 MP: 3/3
  1005 | D:3      | Reached ** piety under Trog
  1513 | D:4      | Noticed Natasha
  1528 | D:4      | Killed Natasha
  1529 | D:4      | Reached skill level 5 in Axes
  1529 | D:4      | Reached XP level 4. HP: 33/40 MP: 4/4
  1540 | D:4      | Noticed Natasha
  1548 | D:4      | Killed from afar by Natasha

Illustrated notes

Levels and vault maps discovered:
D:1:      erik_arrival_triangle_large, layout_basic, bh_walls_and_bars
D:2:      layout_loops_ring, nicolae_overflow_hidden_temple,
          grunt_qazlal_sundering, glass_columns_c, uniq_jessica
D:3:      layout_loops_cross, grunt_decor_clamped, hex_medium
D:4:      layout_loops_ring, kennysheep_mini_moat,
          minmay_overflow_temple_star_quad, uniq_natasha

Skill      XL: |  1  2  3 |
---------------+----------+-----
Fighting       | 4 |  4.3
Dodging        | 2 |  2.1
Axes           | 5 |  5.0
Maces & Flails | |  0.1
Armour         | |  2.5
Stealth        | |  0.1

Action                   |  1- 3 |  4- 6 || total
-------------------------+-------+-------++-------
Melee: Hand axe          |    55 |       ||    55
       Mace              |    13 |     4 ||    17
Invok: Berserk           |     3 |       ||     3
       Trog's Hand       |     1 |       ||     1
  Use: Scroll            |     6 |       ||     6
Armor: Animal skin       |    16 |       ||    16
       Ring mail         |     5 |     5 ||    10
Dodge: Dodged            |    56 |       ||    56

Table legend: (Time is in decaauts)
 A = Elapsed time spent in this place.
 B = Non-inter-level travel time spent in this place.
 C = Inter-level travel time spent in this place.
 D = Time resting spent in this place.
 E = Time spent auto-exploring this place.
 F = Levels seen in this place.
 G = Mean time per level.
                   A        B        C        D        E       F      G
               +--------+--------+--------+--------+--------+-----+--------+
         Total |   1583 |    674 |    909 |      0 |      0 |   4 |  395.8 |
       Dungeon |   1583 |    674 |    909 |      0 |      0 |   4 |  395.8 |
               +--------+--------+--------+--------+--------+-----+--------+

Top non-repeatable levels by time:
     D:1: 712 daAuts
     D:3: 663 daAuts
     D:4: 191 daAuts
     D:2: 16 daAuts
